 Dungeon Crawl Stone Soup version 0.28-a0-447-g1f95980246 (webtiles) character file.

Game seed: 6863981408600111792

57 Shayle the Insei (level 4, -2/34 HPs)
             Began as a Djinni Warper on Sept 13, 2021.
             Slain by an orc wizard (13 damage)
             ... on level 3 of the Dungeon.
             The game lasted 00:04:36 (2524 turns).

Shayle the Insei (Djinni Warper)                    Turns: 2524, Time: 00:04:37

Health: -2/34      AC:  3    Str: 10    XL:     4   Next: 18%
Gold:   87         EV: 12    Int: 15    God:
                   SH:  0    Dex: 19

rFire   + + .      SeeInvis +   f - +1 hand axe (drain)
rCold   x . .      Faith    .   (no shield)
rNeg    + + +      Spirit   .   a - +0 leather armour
rPois   ∞          Reflect  .   (no helmet)
rElec   .          Harm     .   (no cloak)
rCorr   +          Rampage  .   (no gloves)
Will    .....                   (boots unavailable)
Stlth   +.........              (no amulet)
HPRegen 0.11/turn               e - ring of Gaelen {rN+++ rCorr MP-9 Dex+6 SInv}
MPRegen 0.00/turn               (no ring)

@: flying
A: sickness immunity, fire resistance 2, cold vulnerability 1, float, innate
caster, hp casting, extra vitality 1
a: no special abilities


You were on level 3 of the Dungeon.
You visited 1 branch of the dungeon, and saw 3 of its levels.

You collected 87 gold pieces.

Inventory:

Hand Weapons
 f - a +1 hand axe of draining (weapon)
 h - a +0 flail of protection
Missiles
 c - 5 boomerangs of dispersal (quivered)
Armour
 a - a +0 leather armour (worn)
Jewellery
 e - the ring of Gaelen (left hand) {rN+++ rCorr MP-9 Dex+6 SInv}
   (You acquired it on level 2 of the Dungeon)

   [ring of dexterity]

   Dex:       It affects your dexterity (+6).
   rN:        It renders you almost immune to negative energy.
   MP:        It affects your magic capacity (-9).
   SInv:      It lets you see invisible.
   rCorr:     It protects you from acid and corrosion.
Scrolls
 b - a scroll of blinking
 g - a scroll of fear {unknown}
Potions
 d - a potion of heal wounds {unknown}


   Skills:
 + Level 2.6 Fighting
 - Level 0.7 Throwing
 - Level 1.0 Armour
 - Level 2.1 Dodging
 * Level 3.2 Unarmed Combat
 + Level 2.8 Spellcasting


You couldn't memorise any spells.
You knew the following spells:

 Your Spells              Type           Power      Damage    Failure   Level
a - Blink                 Tloc           N/A        N/A       13%         2
b - Lesser Beckoning      Tloc           10%        N/A       26%         3
c - Gell's Gravitas       Tloc           5%         N/A       26%         3
d - Teleport Other        Tloc           10%        N/A       26%         3
e - Manifold Assault      Tloc           10%        N/A       94%         5
f - Beastly Appendage     Tmut           20%        N/A       9%          1
Your spell library was empty.

Dungeon Overview and Level Annotations

Branches:
Dungeon (3/15)

Altars:
Uskayaw


Innate Abilities, Weirdness & Mutations

You are immune to sickness and miasma.
You are immune to poison.
Your flesh is very heat resistant. (rF++)
You are vulnerable to cold. (rC-)
You float through the air rather than walking.
You learn spells naturally, not from books.
Your magical power is your life essence.
You have superior vitality. (+4 HP)


Message History

There is a faded altar of an unknown god here.
You reach down and open the door.
An orc wizard comes into view.
It is wielding a +2 dagger of electrocution.
The orc wizard shouts!
You hear a shout!
An orc comes into view. It is wielding a +0 club.
The orc wizard casts a spell.
The orc wizard flickers and vanishes for a moment.
You hit the orc wizard.
The orc wizard is moderately wounded.
The orc wizard closely misses you.
You hit the orc wizard.
The orc wizard is severely wounded.
The orc wizard completely misses you.
You hit the orc.
The orc is severely wounded.
The orc hits you with a +0 club.
You hit the orc but do no damage. You drain the orc.
You kill the orc!
You completely miss the orc. You closely miss the orc wizard.
The orc wizard is severely wounded.
The orc wizard closely misses you.
You closely miss the orc wizard. Your punch misses the orc wizard.
The orc wizard is severely wounded.
The orc wizard hits you but does no damage.
You are electrocuted!
You barely miss the orc wizard.
The orc wizard is severely wounded.
The orc wizard hits you with a +2 dagger of electrocution.
The orc wizard points at you and mumbles some strange words.
You resist with some effort.
You barely miss the orc wizard.
The orc wizard is severely wounded.
The orc wizard hits you with a +2 dagger of electrocution.
Unknown command.
You completely miss the orc wizard.
The orc wizard is severely wounded.
The orc wizard hits you with a +2 dagger of electrocution.
You are electrocuted!
You die...

....... ...# .. #..
....o.K .. # ..###..
# ....... # .......
.. ....... ...
#...... #..
#....oo### ###'..
.... #@.###..#.. #...
#...8...#.. #...
##.....##.. #...
#8._..# .#####...
##.....##.#.......
#...8...#.#.......
#..###..#.#.......
#..+###.###'##.......
.....................


You could see an orc wizard (invisible) and an orc.

Vanquished Creatures
  A worm (D:2)
  3 dart slugs
  2 orcs
  2 endoplasms
  A giant cockroach (D:1)
  2 goblins
  3 hobgoblins
  4 jackals (D:1)
  5 ball pythons
  8 bats
  2 frilled lizards
  6 kobolds
  6 rats
45 creatures vanquished.

Notes
Turn   | Place    | Note
-------+----------+-------------------------------------------
     0 | D:1      | Shayle the Djinni Warper began the quest for the Orb.
     0 | D:1      | Reached XP level 1. HP: 18/18 MP: 0/0
   392 | D:1      | Reached XP level 2. HP: 19/23 MP: 0/0
   767 | D:1      | Reached XP level 3. HP: 11/29 MP: 0/0
   767 | D:1      | Learned a level 1 spell: Beastly Appendage
  1601 | D:2      | Reached skill level 3 in Unarmed Combat
  1772 | D:2      | Identified a scroll of acquirement
  1772 | D:2      | Acquired the ring of Gaelen {rN+++ rCorr MP-9 Dex+6 SInv}
  2087 | D:2      | Found a hide-covered altar of Uskayaw.
  2321 | D:2      | Reached XP level 4. HP: 31/34 MP: 0/0
  2497 | D:3      | Found a faded altar of an unknown god.
  2524 | D:3      | Slain by an orc wizard

Illustrated notes

Levels and vault maps discovered:
D:1:      shiori_shiawase, layout_basic, minmay_misc_feat_secret_circle
D:2:      layout_basic, basic_altar
D:3:      layout_basic, hellmonk_ecumenical_altar_slurped_away,
          kennysheep_another_room, minmay_crystal_room, kennysheep_potato

Skill      XL: |  1  2  3 |
---------------+----------+-----
Unarmed Combat | 3 |  3.2
Fighting       | |  2.6
Throwing       | |  0.7
Armour         | |  1.0
Dodging        | |  2.1
Spellcasting   | |  2.8

Action                   |  1- 3 |  4- 6 || total
-------------------------+-------+-------++-------
Melee: Unarmed           |    43 |       ||    43
       Hand axe          |    68 |    16 ||    84
       Punch             |     1 |       ||     1
  Use: Scroll            |     3 |       ||     3
Armor: Leather armour    |    36 |     3 ||    39
Dodge: Dodged            |    66 |     7 ||    73

Table legend: (Time is in decaauts)
 A = Elapsed time spent in this place.
 B = Non-inter-level travel time spent in this place.
 C = Inter-level travel time spent in this place.
 D = Time resting spent in this place.
 E = Time spent auto-exploring this place.
 F = Levels seen in this place.
 G = Mean time per level.
                   A        B        C        D        E       F      G
               +--------+--------+--------+--------+--------+-----+--------+
         Total |   2547 |   2509 |     38 |    166 |   1919 |   3 |  849.0 |
       Dungeon |   2547 |   2509 |     38 |    166 |   1919 |   3 |  849.0 |
               +--------+--------+--------+--------+--------+-----+--------+

Top non-repeatable levels by time:
     D:1: 1463 daAuts
     D:2: 787 daAuts
     D:3: 296 daAuts
